 Dungeon Crawl Stone Soup version 0.30-a0-778-g2ef04afb54 (webtiles) character file.

Game seed: 9604977035396996159

181 AndrolTheGreedy the Sneak (level 5, -1/29 HPs)
             Began as a Deep Elf Brigand on Feb 15, 2023.
             Splashed by a jelly's acid (9 damage)
             ... on level 3 of the Dungeon.
             The game lasted 00:13:06 (2342 turns).

AndrolTheGreedy the Sneak (Deep Elf Brigand)        Turns: 2342, Time: 00:13:07

Health: -1/29      AC: -5    Str:  8    XL:     5   Next: 34%
Magic:  7/7        EV: 12    Int: 16    God:
Gold:   46         SH:  0    Dex: 18    Spells: 4/4 levels left

rFire   . . .      SeeInvis .    f - +3 rapier
rCold   . . .      Faith    .    (no shield)
rNeg    . . .      Spirit   .    b - +0 robe
rPois   .          Reflect  .    (no helmet)
rElec   .          Harm     .    c - +0 cloak
rCorr   .          Rampage  .    (no gloves)
Will    .....                    (no boots)
Stlth   +++                      (no amulet)
HPRegen 0.24/turn                j - ring of flight
MPRegen 0.10/turn                (no ring)

@: corroded, flying
A: no striking features
a: no special abilities


You were on level 3 of the Dungeon.
You visited 1 branch of the dungeon, and saw 3 of its levels.

You collected 175 gold pieces.
You spent 129 gold pieces at shops.

Inventory:

Hand Weapons
 a - a +2 dagger
 f - a +3 rapier (weapon)
Missiles
 d - 23 poisoned darts (quivered)
 e - 2 curare-tipped darts
 h - 2 silver boomerangs
 u - 5 javelins
 v - a throwing net
Armour
 b - a +0 robe (worn)
 c - a +0 cloak (worn)
Jewellery
 j - a ring of flight (left hand)
Scrolls
 l - a scroll of vulnerability
 m - a scroll of magic mapping
 p - a scroll of teleportation {unknown}
 s - a scroll of silence {unknown}
Potions
 g - 2 potions of heal wounds
 i - a potion of brilliance
 k - 2 potions of haste
 o - a potion of might {unknown}
 q - 2 potions of curing
 r - a potion of ambrosia {unknown}
 t - 2 potions of invisibility {unknown}


   Skills:
 - Level 1.5 Fighting
 - Level 5.1 Short Blades
 - Level 2.0 Throwing
 + Level 1.7 Dodging
 * Level 5.5 Stealth


You had 4 spell levels left.
You didn't know any spells.
Your spell library was empty.

Dungeon Overview and Level Annotations

Branches:
Dungeon (3/15)

Altars:
Cheibriados
Gozag
Nemelex Xobeh
Okawaru

Shops:
D:2 *?

Annotations:
D:3 2 transporters, greenbourne's ghost, amateur TeHW


Message History

d - 16 poisoned darts (gained 1)
q - 2 potions of curing (gained 1)
You reach down and open the door.
Found a faded altar of an unknown god.
There is an open door here.
Found a sparkling altar of Nemelex Xobeh.
Found a stone staircase leading down.
There is an open door here.
Found a dagger.
A kobold comes into view.
It is wielding a +0 dagger and quivering poisoned darts.
You puncture the kobold!
You kill the kobold!
d - 23 poisoned darts (gained 7)
You see here a +0 dagger.
A goblin comes into view. It is wielding a +0 club.
The helpless goblin fails to defend itself.
You stick the goblin like a pincushion!!!
You kill the goblin!
You see here a +0 club.
You see here a +0 club.
You reach down and open the door.
A jelly comes into view.
The jelly quivers.
The jelly completely misses you.
There is an open door here.
You hit the jelly.
Your hands burn!
The jelly is lightly wounded.
The jelly barely misses you.
You hit the jelly.
Your hands burn!
The jelly is heavily wounded.
The jelly hits you. The acid corrodes you!
You are splashed with acid.
You hit the jelly. The acid corrodes you!
Your hands burn!
The jelly is heavily wounded.
The jelly attacks as you move away! The jelly hits you. The acid corrodes you!
You are splashed with acid.
As you read the scroll labelled SOLUCY CEYL, it crumbles to dust.
The scroll dissolves into smoke.
It was a scroll of fog.
The jelly hits you.
* * * LOW HITPOINT WARNING * * *
You are splashed with acid!
You die...

..# ###..
.............# '##
... ....).#.###..####
.#
..........#..........
.#
..............######
.# ###+#####.# <+
#.#.# #.# ##
#.§§###.# ###§§§..#
####@#####
#.§J§§§#####
#'##§#§.)..#
#........#.#.###.#
#........#.#####.#
#........#.......#
#######+##########


You could see a jelly.

Vanquished Creatures
  A hound (D:3)
  Terence (D:3)
  Jessica (D:2)
  3 gnolls (D:3)
  2 adders (D:2)
  A worm (D:3)
  2 dart slugs (D:1)
  5 endoplasms
  2 giant cockroaches
  9 goblins
  4 hobgoblins
  4 jackals (D:2)
  A kobold (D:3)
  A quokka (D:2)
  A ball python (D:1)
  2 bats (D:2)
  5 frilled lizards
  3 rats
48 creatures vanquished.

Notes
Turn   | Place    | Note
-------+----------+-------------------------------------------
     0 | D:1      | AndrolTheGreedy the Deep Elf Brigand began the quest for
                  | the Orb.
     0 | D:1      | Reached XP level 1. HP: 12/12 MP: 3/3
     6 | D:1      | Noticed a black bear
     6 | D:1      | Noticed a lindwurm
     6 | D:1      | Noticed a five-headed hydra
     7 | D:1      | Noticed a hog
     7 | D:1      | Noticed a salamander
   108 | D:1      | Reached skill level 5 in Stealth
   162 | D:1      | Reached XP level 2. HP: 16/16 MP: 4/4
   384 | D:1      | Found a faded altar of an unknown god.
   918 | D:2      | Reached XP level 3. HP: 20/20 MP: 5/5
   993 | D:2      | Found Yhuuhil's Magic Scroll Emporium.
  1115 | D:2      | Found Saifah's General Store.
  1124 | D:2      | Bought a potion of heal wounds for 55 gold pieces
  1124 | D:2      | Bought 2 poisoned darts for 13 gold pieces
  1124 | D:2      | Bought a potion of curing for 33 gold pieces
  1260 | D:2      | Identified the +1 mace of Reason {spect, rF+ Str+2}
  1272 | D:2      | Bought a scroll of identify for 28 gold pieces
  1382 | D:2      | Noticed Jessica
  1406 | D:2      | Killed Jessica
  1407 | D:2      | Reached XP level 4. HP: 25/25 MP: 6/6
  1499 | D:2      | Found an iron altar of Okawaru.
  1719 | D:3      | Noticed Terence
  1720 | D:3      | Killed Terence
  1721 | D:3      | Found a snail-covered altar of Cheibriados.
  1778 | D:3      | Reached skill level 5 in Short Blades
  1789 | D:3      | Found a transporter.
  1792 | D:3      | Reached XP level 5. HP: 17/29 MP: 7/7
  1858 | D:3      | Noticed greenbourne's ghost (amateur TeHW)
  1873 | D:3      | Found a transporter.
  1926 | D:3      | Found an opulent altar of Gozag.
  2262 | D:3      | Found a faded altar of an unknown god.
  2266 | D:3      | Found a sparkling altar of Nemelex Xobeh.
  2342 | D:3      | Splashed by a jelly's acid

Illustrated notes

Levels and vault maps discovered:
D:1:      onia_arrival_zoo_common, layout_loops_ring,
          shapermc_ecumenical_altar_mp_vishouse
D:2:      layout_basic, basic_altar, serial_shops, shop, shop, uniq_jessica
D:3:      layout_basic, nicolae_overflow_ecumenical_swirl, lemuel_round_altar,
          mainiacjoe_overflow_paths, gammafunk_ghost_stat_death, uniq_terence

Skill      XL: |  1  2  3  4 |
---------------+-------------+-----
Stealth        | 5 |  5.5
Short Blades   | 3 4 5 |  5.1
Fighting       | |  1.5
Throwing       | |  2.0
Dodging        | |  1.7

Action                     |  1- 3 |  4- 6 || total
---------------------------+-------+-------++-------
  Melee: Dagger            |     8 |       ||     8
         Rapier            |    50 |    27 ||    77
  Throw: Dart              |    13 |    14 ||    27
         Throwing net      |       |     1 ||     1
    Use: Scroll            |     6 |     4 ||    10
   Stab: Sleeping          |    12 |     8 ||    20
 Armour: Robe              |    14 |     4 ||    18
  Dodge: Dodged            |    32 |    18 ||    50

Table legend: (Time is in decaauts)
 A = Elapsed time spent in this place.
 B = Non-inter-level travel time spent in this place.
 C = Inter-level travel time spent in this place.
 D = Time resting spent in this place.
 E = Time spent auto-exploring this place.
 F = Levels seen in this place.
 G = Mean time per level.
                   A        B        C        D        E       F      G
               +--------+--------+--------+--------+--------+-----+--------+
         Total |   2340 |   2222 |    118 |    140 |   1410 |   3 |  780.0 |
       Dungeon |   2340 |   2222 |    118 |    140 |   1410 |   3 |  780.0 |
               +--------+--------+--------+--------+--------+-----+--------+

Top non-repeatable levels by time:
     D:2: 924 daAuts
     D:1: 840 daAuts
     D:3: 574 daAuts
